[Event "Polish Youth B18 Championship 2023"]
[Site "Jastrzebia Gora"]
[Date "2023.03.13"]
[Round "3.14"]
[White "Kotowicz, Kamil"]
[Black "Stachecki, Mikolaj"]
[Result "1/2-1/2"]
[ECO "D30"]
[WhiteElo "1828"]
[BlackElo "2015"]
[Annotator "TA"]
[PlyCount "100"]
[EventDate "2023.03.11"]
[EventType "swiss"]
[EventCountry "POL"]
[SourceTitle "playchess.com"]
[Source "ChessBase"]
[SourceQuality "1"]
[TimeControl "40/5400+30:1800+30"]

1. d4 d5 2. c4 e6 3. cxd5 exd5 4. Bf4 Bd6 5. Bxd6 Qxd6 6. e3 Bf5 7. Nc3 c6 8. Bd3 {[%emt 0:03:17] D31: Queen's Gambit Declined: Semi-Slav without ...Nf6 (+ Marshall Gambit and Noteboom) and Exchange Variation lines without ...Nf6.} Bg6 9. Nge2 Nf6 10. Nf4 O-O 11. O-O Nbd7 {[%emt 0:03:04] [#]} 12. Rb1 $146 ({Predecessor:} 12. Re1 Rfe8 13. Bxg6 hxg6 14. a3 a5 15. Qc2 b5 16. Rec1 a4 17. h3 g5 18. Nfe2 {0-1 Kelmendi,A (2112)-Asllani,M (2172) KOS Cup Pristina 2020 (3.2)}) 12... Rfe8 13. Nxg6 hxg6 14. b4 Rad8 15. Re1 Ne4 16. Bxe4 dxe4 17. Qe2 Nf6 18. Rec1 Rc8 19. a3 g5 20. Na4 b6 21. Nb2 Red8 22. Rd1 Qe7 23. Rbc1 g6 24. Rc2 Rc7 25. Rdc1 Rdc8 26. Nc4 c5 (26... Kg7 $11 {should be considered.}) 27. dxc5 $16 bxc5 28. b5 Nd7 29. Rd1 Ne5 30. Nxe5 Qxe5 31. Qc4 Qe7 32. Rcd2 {[%emt 0:01:11] Prevents Rd8.} Kg7 33. g3 (33. Rd6 $142) 33... Rh8 (33... Qe6 $16 34. Rd5 g4) 34. a4 $18 Qf6 (34... Rb8 {might work better.} 35. Kg2 Rb6) 35. Qxe4 Re7 36. Qd5 g4 $2 (36... Rc8 37. Rc1 Rec7) 37. Qxc5 Re5 38. Qd4 Qf5 39. h4 g5 40. Qd7 (40. Qxa7 gxh4 41. gxh4 Rxh4 $18) 40... Qf3 (40... gxh4 {keeps fighting.} 41. Qxf5 (41. Qxa7 hxg3 42. Qb7 Rh2 $19) 41... Rxf5) 41. Rd4 (41. Qxa7 $2 gxh4 42. Rd7 hxg3 $19) (41. Rd5 $142 Rhe8 42. R1d4 (42. hxg5 Rh8)) 41... Rf5 42. R1d2 (42. Qxa7 Qxf2+ 43. Kh1 Qxg3) (42. R4d2 gxh4 43. Qc6 (43. Qxa7 hxg3 44. Qd4+ Rf6) (43. Qd4+ $2 Kh7 $19) 43... hxg3 44. Qxf3 Rxf3 $11) 42... gxh4 43. Qc6 {[%emt 0:02:07] aiming for Qxf3. Active counter play!} (43. Qxa7 $2 {is the wrong capture.} hxg3 $19) 43... hxg3 44. Qxf3 gxf3 {[%emt 0:00:20][%mdl 4096] Endgame [#] KRR-KRR} 45. Rg4+ $1 ({Don't take} 45. fxg3 $6 Rg5 $16) 45... Kf6 {[%emt 0:00:29] Hoping for ...g2.} 46. Rxg3 (46. fxg3 $18 {Rc2 is the strong threat.} Rh3 47. Rc2) 46... Ke5 $11 {[%emt 0:05:27] The position is equal.} 47. Rd4 Rfh5 48. Kf1 (48. Rxf3 $5 Rh1+ $8 49. Kg2 R8h2+ 50. Kg3 Rh3+ 51. Kg4 Rh4+ 52. Kg3 R4h3+ 53. Kg4 Rh4+ 54. Kg3 R4h3+ $11) 48... Rh1+ 49. Rg1 Rc8 {[%emt 0:03:10] [#] ( -> ...Rc1+)} 50. Rd1 {[%emt 0:00:05] Prevents Rc1} (50. Rxh1 $2 {is a self mate.} Rc1+) 50... Rh2 {[%emt 0:00:08] Weighted Error Value: White=0.29 (precise) /Black=0.32} 1/2-1/2

[Event "Polish Youth B18 Championship 2023"]
[Site "Jastrzebia Gora"]
[Date "2023.03.13"]
[Round "3.15"]
[White "Pieczulis, Blazej"]
[Black "Syrkiewicz, Michal"]
[Result "0-1"]
[ECO "E10"]
[WhiteElo "1784"]
[BlackElo "2000"]
[Annotator "TA"]
[PlyCount "134"]
[EventDate "2023.03.11"]
[EventType "swiss"]
[EventCountry "POL"]
[SourceTitle "playchess.com"]
[Source "ChessBase"]
[SourceQuality "1"]
[TimeControl "40/5400+30:1800+30"]

1. d4 Nf6 2. c4 e6 3. Nf3 d5 4. e3 a6 5. Nbd2 c5 6. Be2 {D30: Queen's Gambit Declined: Systems without Nc3.} cxd4 7. Nxd4 Bd6 8. cxd5 {The position is equal.} exd5 9. N2f3 O-O 10. O-O Nc6 11. b3 Ne4 12. Bb2 Re8 13. Rc1 {[#]} Ne5 $146 ({Predecessor:} 13... Qf6 14. g3 Bh3 15. Re1 Qh6 16. Nxc6 bxc6 17. Bd3 Bb4 18. Re2 Bg4 19. Ne5 Bxe2 20. Bxe2 {0-1 Della Corte,A (2160)-Mikaelyan,A (2504) Titled Tuesday intern op 31st Jan Late blitz 2023 (2)}) 14. Nxe5 Bxe5 15. f4 Bc7 16. Bg4 Bb6 17. Bxc8 Rxc8 18. Qd3 Qd7 19. Rxc8 Rxc8 20. Nf3 {[#]} (20. h3 $11) 20... f6 (20... Qb5 $1 $17 21. Qxb5 Bxe3+ 22. Kh1 axb5) 21. Rd1 Rd8 (21... Qb5 $15 22. Qxb5 Bxe3+ 23. Kf1 axb5 24. Rxd5 Rc2) 22. Bd4 $11 Qc6 23. Kf1 Kf7 24. Nd2 (24. Bxb6 $11 Qxb6 25. Nd2 Nxd2+ 26. Rxd2) 24... Bxd4 $17 25. Qxd4 {And now Nxe4 would win.} Nc3 {[%cal Be4c3,Bc3a2,Ba2b4,Bb4d3][%mdl 32] Black is more active.} 26. Rc1 {This costs White the game.} (26. Re1 $17 {was worth a try.}) 26... Qb5+ $19 27. Nc4 Nxa2 28. Ra1 Qxb3 29. Nd2 Qb5+ 30. Kf2 Nb4 {...Nc2 would be deadly.} 31. Qc3 {Against Nc2} Rd7 32. Nb3 $2 (32. Kg3) 32... Nd3+ 33. Kg3 (33. Kf3 $142 d4 34. Nxd4 Qd5+ 35. Kg3) 33... Qc4 34. Qxc4 dxc4 {[%mdl 4096] Endgame KRN-KRN} 35. Nd4 Rd6 36. Rb1 b5 37. Kf3 Rb6 38. Ke4 g6 39. g4 Ke7 40. h4 Kd6 41. f5 Nc5+ 42. Kf4 b4 43. fxg6 hxg6 {Hoping for ...c3.} 44. h5 gxh5 45. gxh5 Ne6+ 46. Ke4 Ng5+ 47. Kf5 Kc5 48. h6 c3 49. Nb3+ Kb5 {aiming for ...Kc4.} 50. e4 Nh7 51. Kg6 Rb7 {Threatens to win with ...a5.} 52. Nd4+ Kc4 53. Nf5 Kd3 54. Rd1+ Ke2 (54... Kxe4 55. Nd6+ Ke5 56. Nxb7 Nf8+ 57. Kf7 $18) 55. Rh1 c2 56. Ng7 Nf8+ 57. Kxf6 Kd2 {Black mates.} 58. Rh2+ Kc3 59. Rh1 Kb2 60. e5 c1=Q {[%mdl 64] Promotion} 61. Rxc1 Kxc1 62. e6 {[#]} Nxe6 $1 63. h7 {[#]} (63. Nxe6 b3) 63... Rb8 $1 64. Nxe6 b3 65. Kf7 Rh8 66. Kg7 {[#]} Rxh7+ $3 {[%mdl 576] Promotion} 67. Kxh7 b2 {Excellently played by Syrkiewicz!   Weighted Error Value: White=0.54/Black=0.31} 0-1

[Event "Polish Youth B18 Championship 2023"]
[Site "Jastrzebia Gora"]
[Date "2023.03.13"]
[Round "3.16"]
[White "Biesiadecki, Adam"]
[Black "Kitewski, Bartosz"]
[Result "1-0"]
[ECO "D97"]
[WhiteElo "1761"]
[BlackElo "1968"]
[Annotator "TA"]
[PlyCount "125"]
[EventDate "2023.03.11"]
[EventType "swiss"]
[EventCountry "POL"]
[SourceTitle "playchess.com"]
[Source "ChessBase"]
[SourceQuality "1"]
[TimeControl "40/5400+30:1800+30"]

1. d4 Nf6 2. c4 g6 3. Nc3 d5 4. Nf3 Bg7 5. Qb3 dxc4 6. Qxc4 O-O 7. e4 Nc6 8. Be2 e5 {[%emt 0:05:05][%cal Re5d4] seems to push 8...Bg4 aside. D97: Grünfeld: Russian System: 7 e4, replies other than 7...Bg4.} 9. d5 (9. Nxe5 Nxd4 10. O-O Nxe4 11. Nxe4 Be6 $17) (9. dxe5 Ng4 $11) 9... Nd4 10. O-O {[%emt 0:03:43] [#]} (10. Nxe5 $2 Nc2+ 11. Kf1 Nxa1 $19) 10... b5 $1 {[%emt 0:24:00][%cal Bb7b5,Bb5b4][%mdl 32] The position is equal.} 11. Qd3 (11. Nxb5 Nxb5) 11... b4 12. Nxd4 (12. Nxe5 c5 13. Nd1 Nxd5 $17) 12... exd4 {[%emt 0:00:55] [#]} 13. Na4 $146 ({Predecessor:} 13. Nb5 Ba6 14. a4 bxa3 15. Qxa3 Bxb5 16. Bxb5 Nxe4 17. Bc6 Rb8 18. Qf3 Nc5 19. Rxa7 {0-1 Hasterok,M (1900)-Peng,L (2451) Raciborz op 19th 2019 (2)}) 13... Re8 14. Bg5 Qd7 15. Bxf6 Bxf6 16. Nc5 Qd6 17. Rac1 Bg5 18. Rc2 f5 19. Qxd4 {[%emt 0:04:44] e5 would be deadly.} Bf6 20. Qc4 fxe4 {[%emt 0:00:55][%mdl 64] Remove Defender} 21. Nxe4 ({White should play} 21. Qxb4 $16 Bf5 22. Qc4) 21... Rxe4 $14 22. Qxe4 Bf5 {[%emt 0:00:07] [#] This pair of bishops is nice.} 23. Qc4 Bxc2 24. Qxc2 Rf8 25. b3 Kh8 26. Qe4 Bc3 27. Bf3 Be5 28. g3 Qf6 29. Kg2 Bd6 30. Rd1 Kg7 31. Rd3 Bc5 32. Qc4 Qd6 33. Rd2 Rf6 34. Re2 Qf8 35. Qd3 Rf7 36. Re6 {[%emt 0:01:39] Black is weak on the light squares} Rf5 37. h4 {[%emt 0:00:36] White is more active.} Bb6 $2 {[%emt 0:03:15] This move loses the game for Black.} (37... Rf6 $16 38. Qd1 Rxe6 39. dxe6 Qd6) 38. Qe4 {[%emt 0:04:36] Black must now prevent g4.} Qc5 39. Re7+ Rf7 40. Qe5+ ({But not} 40. Rxf7+ $6 Kxf7 41. Qe6+ Kg7 42. Qe5+ Kg8 43. Qe8+ Kg7 $16) 40... Kg8 {[%emt 0:00:00] [#]} 41. Re8+ $40 {[%emt 0:05:52][%mdl 128] White wants a kill.} Rf8 42. Rxf8+ Qxf8 $2 $18 {[%emt 0:00:20][%mdl 4096] Endgame [#] KQB-KQB} (42... Kxf8 43. Qh8+ Kf7) 43. d6 $1 Qxd6 44. Bd5+ Kf8 45. Qh8+ Ke7 46. Qxh7+ Kf6 47. Qf7+ Ke5 48. Bf3 Qc5 $2 (48... a5 49. Kf1 Qd3+ 50. Kg2 Qf5 51. Qe7+ Qe6) 49. Qg7+ (49. Qxg6 $2 {perishes.} Qxf2+ 50. Kh3 Qxf3 $19) 49... Kf5 {[%emt 0:03:38] [#]} (49... Kd6 $142 50. Qf6+ Kd7 51. Bg4+ (51. Qxg6 $2 {too greedy.} Qxf2+ 52. Kh3 Qxf3 $19) 51... Ke8 52. Qxg6+ Kf8 53. Qf6+ Ke8) 50. Bg4+ $1 {[%emt 0:00:47][%mdl 576] Deflection} Ke4 51. Qxg6+ Kd4 52. Qf6+ Qe5 53. Qxe5+ Kxe5 {[%emt 0:00:07] KB-KB} 54. Kf3 Bd4 55. Ke2 Kf6 56. Bd7 Kg6 57. f4 Bc3 58. Kf3 Be1 59. Be8+ Kf6 60. h5 Bd2 61. g4 Bc1 62. g5+ (62. h6 $142 Ke7 63. Bc6 Kf7 64. g5 Kf8 65. Kg4 Bb2 66. f5 Kf7 67. Bd5+ Ke7 68. f6+ Bxf6 69. gxf6+ Kxf6 70. Kh5) 62... Kg7 63. Ke4 {Weighted Error Value: White=0.12 (very precise) /Black=0.33} 1-0

[Event "Polish Youth B18 Championship 2023"]
[Site "Jastrzebia Gora"]
[Date "2023.03.13"]
[Round "3.17"]
[White "Pisarek, Jan"]
[Black "Lis, Maksymilian"]
[Result "0-1"]
[ECO "B01"]
[WhiteElo "1931"]
[BlackElo "1784"]
[Annotator "TA"]
[PlyCount "128"]
[EventDate "2023.03.11"]
[EventType "swiss"]
[EventCountry "POL"]
[SourceTitle "playchess.com"]
[Source "ChessBase"]
[SourceQuality "1"]
[TimeControl "40/5400+30:1800+30"]

1. e4 d5 2. exd5 Qxd5 3. Nc3 Qd8 4. d4 Nf6 5. Nf3 Bg4 6. h3 Bxf3 {[%emt 0:00:06] B01: Scandinavian Defence.} 7. Qxf3 c6 8. Be3 e6 {[%emt 0:00:07] White is slightly better.} 9. O-O-O Bb4 10. Ne4 Nxe4 11. Qxe4 Qd5 12. Qxd5 cxd5 13. c4 dxc4 14. Bxc4 Nd7 15. Bb3 {[%emt 0:01:50] [#]} O-O-O $146 ({Predecessor:} 15... a6 16. d5 Bc5 17. dxe6 Bxe3+ 18. fxe3 fxe6 19. Bxe6 Nc5 20. Bg4 O-O 21. Bf3 a5 {½-½ Asis Gargatagli,H (2475)-Cruz,J (2393) Barcelona GM 5th 2021 (3)}) 16. Kb1 (16. d5 $5 ) 16... Bd6 {[%emt 0:15:42] Prevents Bf4} 17. d5 e5 18. g4 ({Don't play} 18. Bxa7 b6 19. Rc1+ Kb7 $15) 18... Kb8 19. Rhf1 Bc5 20. Bc2 Kc7 21. Bxc5 Nxc5 22. f4 (22. b4 $5 Nd7 23. d6+ Kb8 24. f4 $14) 22... exf4 (22... e4 $11) 23. Rxf4 $14 {[%emt 0:00:08] aiming for b4.} f6 24. b4 Na6 25. Re4 Rhe8 {[%emt 0:01:51] [#] Dodges d6+} (25... h5 $16) 26. d6+ $1 $18 Kb6 {[%emt 0:00:04] [#]} 27. Red4 (27. Rc4 $1 $18 {Hoping for d7.} Nb8 28. Bxh7) 27... Nb8 $16 28. a4 {[%emt 0:06:26][%cal Ba2a4,Ba4a5][%mdl 32] And now a5+ would win.} a6 29. a5+ Ka7 30. Ba4 (30. Bxh7 $16 Nc6 31. Rc4) 30... Re6 $11 31. Kb2 Nc6 32. Bxc6 bxc6 {[%emt 0:00:04][%mdl 4096] Endgame KRR-KRR} 33. R1d3 Kb7 34. Kc3 Kc8 35. Kc4 Kd7 36. h4 Rb8 37. Rd2 Rb5 38. R2d3 (38. h5 $15) 38... Re1 39. Rc3 $2 {[%emt 0:00:28][%mdl 8192] Dodges Rc1} ({White should play} 39. Kc3 $15) 39... Rb1 $19 40. Rb3 Rxb3 41. Kxb3 {[%emt 0:00:41] KR-KR} c5 {[%emt 0:01:30][%mdl 64] Deflection} 42. Rd5 (42. Rd1 $142) 42... Rxb4+ (42... cxb4 43. Rxb5 axb5 44. a6 $18) 43. Kc3 Rxg4 44. Rxc5 Kxd6 (44... Rxh4 $2 {perishes.} 45. Rc7+ Kxd6 46. Rxg7 $19) 45. Rc8 Ra4 46. h5 $2 (46. Rg8) 46... Rxa5 47. Rg8 Rg5 48. h6 gxh6 49. Rh8 h5 50. Rxh7 a5 51. Kd3 Re5 52. Rh8 Ke6 53. Kd2 Kf7 54. Kd1 Kg6 55. Kd2 Kg5 56. Rg8+ Kf4 57. Rh8 a4 {[%emt 0:00:39] White must now prevent ...Kg3.} 58. Ra8 Re4 {[%emt 0:00:07] ( -> ...h4)} 59. Rh8 Kg5 {[%emt 0:00:35] ...h4 would be deadly.} 60. Kd3 Re1 {[%emt 0:00:07] Strongly threatening ...h4.} 61. Kd2 Ra1 62. Rg8+ Kf4 63. Ke2 a3 64. Ra8 a2 {[%emt 0:00:07] Quite a comeback for Black.   Weighted Error Value: White=0.68/Black=0.25 (precise)} 0-1

[Event "Polish Youth B18 Championship 2023"]
[Site "Jastrzebia Gora"]
[Date "2023.03.13"]
[Round "3.18"]
[White "Smetek, Michal"]
[Black "Kossowski, Pawel"]
[Result "1-0"]
[ECO "A40"]
[WhiteElo "1787"]
[BlackElo "1766"]
[Annotator "NA RC COMBH"]
[PlyCount "167"]
[EventDate "2023.03.11"]
[EventType "swiss"]
[EventCountry "POL"]
[SourceTitle "playchess.com"]
[Source "ChessBase"]
[SourceQuality "1"]
[TimeControl "40/5400+30:1800+30"]

1. d4 Nf6 2. c4 e6 3. g3 Bb4+ 4. Bd2 Qe7 5. Bg2 Nc6 6. a3 Bxd2+ 7. Qxd2 d6 8. Nf3 a5 9. O-O O-O 10. Nc3 e5 11. dxe5 Nxe5 12. Nxe5 dxe5 13. Nd5 Qd8 14. Qe3 c6 15. Nb6 Ng4 16. Qc5 Ra6 17. Nxc8 Qxc8 18. Bh3 f5 19. Bxg4 fxg4 20. Qxe5 Re8 21. Qd4 c5 22. Qd2 Rd8 23. Qc3 Rh6 24. Rad1 Rf8 25. Rd5 b6 26. Rfd1 Qe8 27. e3 Qf7 28. R1d2 Rf6 29. Qc2 Rf3 30. Re5 Qf6 31. Re4 h5 32. Rf4 Rxf4 33. exf4 Re8 34. Re2 Qc6 35. Re5 Rxe5 36. fxe5 Qd7 37. Qe4 Kf7 38. Qd5+ Ke7 39. Kf1 Qf5 40. Kg2 g6 41. Qb7+ Ke8 42. Qc6+ Ke7 43. a4 Qxe5 44. Qxg6 Qe2 45. Qg5+ Kf8 46. Qh6+ Kg8 47. Qg6+ Kf8 48. Qf5+ Kg8 49. b3 Kg7 50. Qg5+ Kf8 51. Qe3 Qd1 52. Qh6+ Ke7 53. Qg5+ Kf8 54. Qe3 Kg7 55. f3 Qc2+ 56. Kg1 Qb1+ 57. Kf2 Qb2+ 58. Qe2 Qd4+ 59. Kg2 Qd7 60. Qe5+ Kh6 61. Qe3+ Kg6 62. Kf2 Qd1 63. Qe2 Qd4+ 64. Kg2 Qd7 65. Qe4+ Kg7 66. Qe5+ Kg6 67. Qd5 Qg7 68. Qe6+ Kh7 69. Qf5+ Kh6 70. Qf4+ Kh7 71. Qe4+ Kh6 72. Qe3+ Kh7 73. Qd3+ Kh6 74. Qd2+ Kh7 75. fxg4 hxg4 76. h3 gxh3+ 77. Kxh3 Qf6 78. Qd7+ Kh6 79. Qd2+ Kg6 80. Qd3+ Kg5 81. Qe3+ Kg6 82. Qe4+ Kg7 83. Qg4+ Kh6 84. Qh4+ 1-0

[Event "Polish Youth B18 Championship 2023"]
[Site "Jastrzebia Gora"]
[Date "2023.03.13"]
[Round "3.19"]
[White "Sternik, Piotr"]
[Black "Paprocki, Antoni"]
[Result "0-1"]
[ECO "E15"]
[WhiteElo "1746"]
[BlackElo "2255"]
[Annotator "TA"]
[PlyCount "66"]
[EventDate "2023.03.11"]
[EventType "swiss"]
[EventCountry "POL"]
[SourceTitle "playchess.com"]
[Source "ChessBase"]
[SourceQuality "1"]
[TimeControl "40/5400+30:1800+30"]

1. d4 Nf6 2. c4 e6 3. Nf3 b6 4. g3 Ba6 5. Qc2 Bb7 6. Bg2 c5 7. d5 {[%emt 0:00:46] E15: Queen's Indian: 4 g3 sidelines, 4 g3 Ba6 and 4 g3 Bb7 early deviations.} exd5 8. cxd5 Nxd5 9. O-O {[%emt 0:00:27][%cal Bh1f1,Bf1d1,Bd1d5][%mdl 32] The position is equal.} Be7 {[%emt 0:00:29] Wards off Ng5} 10. Rd1 {[%emt 0:00:40][%mdl 1024] White has compensation.} Qc8 11. a3 Nf6 12. Bg5 $1 O-O 13. Nc3 d5 {[%emt 0:04:35] [#]} 14. Nxd5 $146 ({Predecessor:} 14. Bxf6 Bxf6 15. Nxd5 Bxd5 16. Rxd5 Nc6 17. Rad1 Nd4 18. Qd2 Nxf3+ 19. Bxf3 Rb8 20. Qc2 {½-½ Ju,W (2443)-Kovanova,B (2408) Nanjing FIDE GP (Women) 2009 (5)}) 14... Nxd5 $11 15. Rxd5 {[%emt 0:00:03][%cal Og5e7][%mdl 64] Remove Defender} f6 {[%emt 0:01:14] [#]} 16. Qc4 {[%emt 0:28:52] [#] Loses the game.} b5 $1 $19 (16... fxg5 $2 17. Rd8+ Kh8 18. Rxc8 Bxc8 19. Ne5 $18) (16... Qe6 17. Rxc5 Qxc4 18. Rxc4 fxg5 19. Rc7 $11) 17. Qa2 {[%emt 0:07:56] [#]} Qe6 $1 (17... fxg5 $2 18. Rxc5+ Kh8 19. Rxc8 $18) (17... c4 18. Rxb5 Ba6 19. Be3 $16) 18. Bh3 (18. Rd7 $2 Qxa2 19. Rxa2 Nxd7 $19) 18... Qf7 (18... Qxd5 $2 19. Be6+ $18) 19. e4 (19. Re5 Qxa2 20. Rxa2) 19... fxg5 ({Weaker is} 19... Bxd5 20. exd5 Kh8 21. Bf4 $11) 20. Ne5 Bxd5 21. exd5 (21. Qxd5 $142 Qxd5 22. exd5) 21... Qxf2+ 22. Kh1 {[%emt 0:00:03] Threatens to win with d6+.} Bd6 23. Rf1 Qxf1+ ({And not} 23... Qe2 24. Be6+ Kh8 25. Rxf8+ Bxf8 26. Nf7+ Kg8 27. Ne5+ Kh8 28. Nf7+ Kg8 29. Ne5+ Kh8 $11) 24. Bxf1 Rxf1+ 25. Kg2 Rf8 26. Nf3 g4 27. Ng5 Nd7 {[%emt 0:02:04] Hoping for ...Rae8.} 28. Qb1 g6 {[%emt 0:01:07] White must now prevent ...Rae8.} 29. Ne4 Be5 30. Qd1 Nf6 31. d6 Bd4 32. Ng5 Nd5 {[%emt 0:00:42] ( -> ...Ne3+)} ({Not} 32... Bxb2 33. Qb3+ c4 34. Qxb2 $11) 33. Qb3 Rf2+ {[%emt 0:00:07] Weighted Error Value: White=0.59/Black=0.13 (very precise)} 0-1

[Event "Polish Youth B18 Championship 2023"]
[Site "Jastrzebia Gora"]
[Date "2023.03.13"]
[Round "3.20"]
[White "Zeissel, Andrzej"]
[Black "Kolodziejski, Piotr"]
[Result "0-1"]
[ECO "B99"]
[WhiteElo "1717"]
[BlackElo "2118"]
[Annotator "TA"]
[PlyCount "92"]
[EventDate "2023.03.11"]
[EventType "swiss"]
[EventCountry "POL"]
[SourceTitle "playchess.com"]
[Source "ChessBase"]
[SourceQuality "1"]
[TimeControl "40/5400+30:1800+30"]

1. e4 c5 2. Nf3 d6 3. d4 cxd4 4. Nxd4 Nf6 5. Nc3 a6 6. Bg5 e6 7. f4 Nbd7 8. Qf3 Qc7 9. O-O-O Be7 10. g4 h6 11. Bxf6 Bxf6 12. h4 Nb6 {[%emt 0:10:04] B99: Sicilian Najdorf: 6 Bg5 e6 7 f4 Be7 8 Qf3 Qc7 9 0-0-0 Nbd7.} 13. g5 (13. Be2 $5 ) 13... Be7 {[%emt 0:01:08] [#]} (13... Bxd4 $14 14. Rxd4 Qc5) 14. g6 {[%emt 0:06:50] [#]} O-O $146 {[%emt 0:17:29] [#] White is better.} ({Predecessor:} 14... f6 15. Bh3 e5 16. Ne6 Bxe6 17. Bxe6 Nd7 18. Nd5 Qc6 19. Rd3 Nc5 20. Rc3 b5 21. Bf7+ Kf8 22. b4 exf4 23. bxc5 dxc5 24. Nxe7 Kxe7 25. Bd5 {1-0 Januszkiewicz,W (1830)-Ryk,M (1516) POL-chT U19 1st League 2013 (2)}) 15. gxf7+ Rxf7 16. Bh3 Rf6 ({Better is} 16... e5 17. Nf5 exf4) 17. Rhg1 Bf8 18. Rg2 (18. f5 $16) 18... Qf7 ({Black should try} 18... e5 $14 19. Nf5 Kh8) 19. Nde2 (19. f5 $16) 19... Nc4 ({Black should play} 19... Bd7 $14) 20. Qd3 b5 21. b3 Nb6 22. e5 (22. Qd4 $16 Nd7 23. f5) 22... dxe5 $14 {[%emt 0:01:48] Threatens to win with ...Bb7.} 23. Ne4 (23. fxe5 Rf3 24. Qd8 Rxh3 $17) 23... exf4 $1 24. Nxf6+ ({Don't play} 24. Qd8 Rg6 25. Nd6 (25. Qxb6 Rxg2 26. Bxg2 f3 $17) 25... Qf6 26. Qxb6 Rxg2 27. Bxg2 f3 28. Bxf3 Qxf3 29. Nxc8 Qxe2 $17) 24... Qxf6 25. Qd4 {[%emt 0:01:20][%mdl 8192] Now White is beyond hope.} (25. Rg6 $14 Qa1+ 26. Kd2) 25... e5 $19 {[%emt 0:05:00][%mdl 64] Discovered Attack} ({Weaker is} 25... Qxh4 26. Rdg1 (26. Qxf4 $2 {too greedy.} Qxh3 27. Rg3 Qf5 $19) (26. Nxf4 e5 $16) (26. Qxb6 Qxh3 27. Nxf4 Qf3 $11) 26... Qe7 27. Nxf4 $16 (27. Qxb6 f3 $16)) 26. Qe4 (26. Qc3 $142 f3 27. Rf2 Bxh3 28. Qxf3 Qxf3 29. Rxf3) 26... Bxh3 27. Rg6 Bf5 28. Qxa8 $2 (28. Rxf6 Bxe4 29. Rxb6) 28... Nxa8 29. Rxf6 gxf6 30. Rd8 Nb6 31. Rb8 Nd7 32. Ra8 Nc5 33. Nc3 Kf7 34. Kd2 e4 {[%emt 0:02:42][%cal Be5e4,Be4e3][%mdl 32] ...e3+ would be deadly.} 35. Nd5 Bd6 36. b4 e3+ 37. Ke1 Ne4 {[%emt 0:00:26] Hoping for ...Be6.} 38. Rxa6 Be5 {[%emt 0:00:58] aiming for ...Nc3.} 39. a4 Be6 40. Ra7+ Kg6 41. Ne7+ Kh5 {[%emt 0:00:18] Black mates.} 42. axb5 Bc3+ 43. Ke2 Bg4+ 44. Kd3 e2 45. Nd5 Nf2+ 46. Kc4 Be6 {[%emt 0:00:19] Weighted Error Value: White=0.91/Black=0.79} 0-1

[Event "Polish Youth B18 Championship 2023"]
[Site "Jastrzebia Gora"]
[Date "2023.03.13"]
[Round "3.21"]
[White "Smuda, Tomasz"]
[Black "Wesolek, Krzysztof"]
[Result "1-0"]
[ECO "C77"]
[WhiteElo "1654"]
[BlackElo "1765"]
[Annotator "NA RC COMBH"]
[PlyCount "65"]
[EventDate "2023.03.11"]
[EventType "swiss"]
[EventCountry "POL"]
[SourceTitle "playchess.com"]
[Source "ChessBase"]
[SourceQuality "1"]
[TimeControl "40/5400+30:1800+30"]

1. e4 e5 2. Nf3 Nc6 3. Bb5 a6 4. Ba4 Nf6 5. Nc3 Bd6 6. O-O O-O 7. d3 h6 8. Re1 Re8 9. a3 Bf8 10. Bb3 d6 11. h3 Bd7 12. Nd5 Nxd5 13. Bxd5 Be6 14. b4 Bxd5 15. exd5 Ne7 16. c4 Nf5 17. Bb2 g6 18. Re4 Bg7 19. Qe2 Ne7 20. Re1 f5 21. Re3 c6 22. Nd4 cxd5 23. Ne6 Qd7 24. Nxg7 Kxg7 25. Rxe5 Kf7 26. Re6 dxc4 27. Rf6+ Kg8 28. dxc4 Rac8 29. Rd1 Rf8 30. Rfxd6 Qc7 31. Qe5 Kf7 32. Qe6+ Ke8 33. Rd7 1-0

[Event "Polish Youth B18 Championship 2023"]
[Site "Jastrzebia Gora"]
[Date "2023.03.13"]
[Round "3.22"]
[White "Czarniecki, Pawel"]
[Black "Bem, Tymoteusz"]
[Result "1/2-1/2"]
[ECO "B20"]
[WhiteElo "1625"]
[BlackElo "1748"]
[Annotator "NA RC COMBH"]
[PlyCount "107"]
[EventDate "2023.03.11"]
[EventType "swiss"]
[EventCountry "POL"]
[SourceTitle "playchess.com"]
[Source "ChessBase"]
[SourceQuality "1"]
[TimeControl "40/5400+30:1800+30"]

1. e4 c5 2. a3 g6 3. Nc3 Bg7 4. Bc4 Nc6 5. d3 e6 6. Ba2 Nge7 7. Bd2 Rb8 8. a4 a6 9. Qc1 h6 10. f4 b5 11. axb5 axb5 12. Nf3 d5 13. O-O c4 14. Kh1 h5 15. Ne2 O-O 16. e5 Nf5 17. d4 Qb6 18. c3 Ra8 19. h3 Bd7 20. g4 hxg4 21. hxg4 Nfe7 22. b4 Ra4 23. Qb2 Rfa8 24. Kg2 Qa7 25. Nc1 Kf8 26. Rh1 Ng8 27. Rh7 f6 28. Qc2 Be8 29. f5 gxf5 30. gxf5 Qf7 31. Nh4 exf5 32. Qxf5 Nce7 33. Qh3 fxe5 34. Ne2 e4 35. Rf1 Nf6 36. Bh6 Rxa2 37. Qe3 Ng6 38. Rxf6 Nxh4+ 39. Kh1 Qxf6 40. Bxg7+ Qxg7 41. Qf4+ Bf7 42. Qd6+ Kg8 43. Rxg7+ Kxg7 44. Qe5+ Kg8 45. Qg5+ Ng6 46. Nf4 Rf2 47. Nh3 Ra1+ 48. Ng1 Rff1 49. Qd8+ Kg7 50. Kh2 Rxg1 51. Qd7 Rg5 52. Qh3 Nf4 53. Qh6+ Kg8 54. Qh8+ 1/2-1/2